 Dungeon Crawl Stone Soup version 0.22.1-6-g1668fe2c40 (webtiles) character file.

240 Descartes the Sneak (level 6, -1/32 HPs)
             Began as a Vine Stalker Wanderer on Jan 28, 2019.
             Slain by Blork the orc
             ... wielding a +7 mace of protection
              (5 damage)
             ... on level 4 of the Dungeon.
             The game lasted 00:10:16 (3833 turns).

Descartes the Sneak (Vine Stalker Wanderer)         Turns: 3833, Time: 00:10:17

Health: -1/32      AC:  2    Str: 12    XL:     6   Next: 8%
Magic:  0/11       EV: 10    Int: 17    God:
Gold:   204        SH:  0    Dex: 13    Spells: 11/11 levels left

rFire    . . .     SeeInvis .   p - +5 dagger
rCold    . . .     Gourm    .   (no shield)
rNeg     . . .     Faith    .   e - +0 robe
rPois    +         Spirit   +   (no helmet)
rElec    .         Reflect  .   (no cloak)
rCorr    .         Harm     .   (no gloves)
MR       .....                  (no boots)
Stlth    ++........             (no amulet)
HPRegen  0.50/turn              a - -2 ring of evasion (curse)
MPRegen  0.12/turn              r - ring of poison resistance

@: no status effects
A: fangs 2, regeneration 1, magic shield, antimagic bite, no potion heal 3, rot
immunity
a: no special abilities


You were on level 4 of the Dungeon.
You were not hungry.

You visited 1 branch of the dungeon, and saw 4 of its levels.

You collected 204 gold pieces.

Inventory:

Hand Weapons
 b - a +0 quarterstaff
 p - a +5 dagger (weapon)
Missiles
 i - 143 stones (quivered)
 o - 42 bolts
 s - 4 tomahawks
 t - 52 arrows
 x - 10 poisoned needles
Armour
 e - a +0 robe (worn)
 v - a +0 leather armour
Jewellery
 a - a cursed -2 ring of evasion (left hand)
 c - an uncursed ring of resist corrosion
 r - a ring of poison resistance (right hand)
 y - an uncursed ring of positive energy
Wands
 g - a wand of digging (9)
Scrolls
 h - 3 scrolls of fear
 j - a scroll of identify
 l - 3 scrolls of teleportation
Potions
 d - a potion of haste
 w - a potion of curing
 z - a potion of lignification
Comestibles
 f - 9 rations


   Skills:
 + Level 2.5 Fighting
 + Level 2.6 Staves
 - Level 1.0 Throwing
 + Level 1.3 Dodging
 + Level 3.7 Stealth
 * Level 2.9 Unarmed Combat
 + Level 3.1 Spellcasting
   Level 1.0 Necromancy


You had 11 spell levels left.
You didn't know any spells.
Your spell library contained the following spells:

 Spells                   Type           Power        Failure   Level  Hunger
 Summon Butterflies       Summ           #.......     17%         1    None
 Recall                   Summ/Tloc      N/A          45%         3    ###....


Dungeon Overview and Level Annotations

Branches:
Dungeon (4/15)
 Temple: D:4-7

Altars:

Annotations:
D:4 Blork the orc


Innate Abilities, Weirdness & Mutations

You have extremely sharp teeth.
Your natural rate of healing is unusually fast.
When hurt, damage is shared between your health and your magic reserves.
Your bite disrupts and absorbs the magic of your enemies.
Potions cannot restore your health.
You are immune to rotting.


Message History

The worker ant is moderately wounded.
You feel sick. The worker ant barely misses you. The worker ant bites you!
* * * LOW HITPOINT WARNING * * *
You hit the worker ant. You bite the worker ant. You drain its power.
You feel invigorated.
The worker ant is severely wounded.
You feel sick. The worker ant barely misses you.
You feel sick.
You feel sick.
You feel sick.
You feel sick. The worker ant barely misses you.
You feel sick.
You feel sick.
Your system rejects the healing.
You feel better.
The worker ant bites you but does no damage.
You hear some strange, mumbled words.
A puff of flame appears from out of thin air!
The puff of flame misses you. Something hits you!
You die...

...##### ### #### .. .# .###
###.# ##..# ..#.. ## ##...# #...#
...# # #..### #.#.# ..#. # ##.##
#.#.# ###..# #### #..#
#.#.#####!.... ...# #.##
####.#......>...#
...########.#####.a.....####.####
................@.##.#.## #..#
...#######..#######..#.# #.##
...# #.## #.##.# .. ...# #.# #.
#.. #.# ...# ###.# #. ... .. [..#
###...# #. ...... #.####...######
#. ...> #........#.....
...........#


You could see a worker ant.

Vanquished Creatures
  A hound (D:4)
  2 hound skeletons
  7 gnolls
  6 adders
  2 worms
  A dart slug (D:2)
  2 leopard geckos
  5 orcs (D:3)
  4 giant cockroaches
  6 goblins
  3 hobgoblins (D:1)
  2 kobolds
  A quokka (D:3)
  7 bats
  8 rats
57 creatures vanquished.

Notes
Turn   | Place    | Note
-------+----------+-------------------------------------------
     0 | D:1      | Descartes the Vine Stalker Wanderer began the quest for the
                  | Orb.
     0 | D:1      | Descartes set off with: a +2 dagger, a potion of haste, a
                  | +0 quarterstaff, a +0 robe, a ration
     0 | D:1      | Reached XP level 1. HP: 11/11 MP: 4/4
   258 | D:1      | Reached XP level 2. HP: 15/15 MP: 6/6
   415 | D:1      | Reached skill level 1 in Unarmed Combat
  1381 | D:2      | Reached XP level 3. HP: 15/18 MP: 5/7
  2622 | D:3      | Gained mutation: Your natural rate of healing is unusually
                  | fast. [Vine Stalker growth]
  2622 | D:3      | Reached XP level 4. HP: 17/23 MP: 4/8
  3156 | D:3      | Reached skill level 1 in Dodging
  3181 | D:3      | Reached XP level 5. HP: 3/26 MP: 1/10
  3731 | D:4      | Reached XP level 6. HP: 27/32 MP: 11/11
  3796 | D:4      | Noticed Blork the orc
  3833 | D:4      | Slain by Blork the orc

Skill      XL: |  1  2  3  4  5 |
---------------+----------------+-----
Unarmed Combat | 1 2 |  2.9
Fighting       | 2 |  2.5
Staves         | 2 |  2.6
Stealth        | 3 |  3.7
Dodging        | 1 |  1.3
Spellcasting   | 3 |  3.1
Throwing       | |  1.0
Necromancy     | |  1.0

Action                   |  1- 3 |  4- 6 || total
-------------------------+-------+-------++-------
Melee: Dagger            |   111 |   120 ||   231
       Bite              |    26 |    27 ||    53
       Punch             |     2 |     4 ||     6
  Use: Potion            |     2 |     1 ||     3
       Scroll            |     1 |     8 ||     9
 Stab: Sleeping          |     4 |     3 ||     7
  Eat: Chunk             |     5 |     4 ||     9
Armor: Robe              |    16 |    16 ||    32
Dodge: Dodged            |    50 |    71 ||   121
